 Dungeon Crawl Stone Soup version 0.29-a0-819-g94b489e0ae (webtiles) character file.

Game seed: 17969759629782660721

1673 Colgate the Slicer (level 9, -9/50 HPs)
             Began as a Kobold Brigand on July 6, 2022.
             Was a Priest of Jiyva.
             Mangled by Duvessa
             ... wielding a +2 short sword of speed
              (16 damage)
             ... on level 5 of the Dungeon.
             The game lasted 00:13:59 (5448 turns).

Colgate the Slicer (Kobold Brigand)                 Turns: 5448, Time: 00:13:59

Health: -9/50      AC: 11    Str: 15    XL:     9   Next: 21%
Magic:  6/9        EV: 13    Int: 12    God:    Jiyva [***...]
Gold:   276        SH:  0    Dex: 26    Spells: 8/8 levels left

rFire   + . .      SeeInvis .   b - +1 long sword (vorpal)
rCold   . . .      Faith    .   (no shield)
rNeg    . . .      Spirit   .   v - +0 ring mail
rPois   .          Reflect  .   (no helmet)
rElec   .          Harm     .   q - +1 cloak of the Echidna {Drain rF+ rCorr}
rCorr   +          Rampage  .   (no gloves)
Will    .....                   (no boots)
Stlth   +++++++++.              (no amulet)
HPRegen 1.28/turn               f - +4 ring of protection
MPRegen 0.46/turn               u - +6 ring of strength

@: calling ooze
A: small, no large weapons, nightstalker 3, thin skeletal structure 3,
MP-powered wands
a: Renounce Religion, Oozemancy


You were on level 5 of the Dungeon.
You worshipped Jiyva.
Jiyva was most pleased with you.
You visited 1 branch of the dungeon, and saw 6 of its levels.
You also visited: Sewer.

You collected 276 gold pieces.

Inventory:

Hand Weapons
 a - a +3 dagger
 b - a +1 vorpal long sword (weapon)
 p - a +0 spear
 x - a +1 dagger of venom
 E - a +0 flail
 F - a +1 dagger of holy wrath
Missiles
 d - 22 poisoned darts (quivered)
 e - 3 curare-tipped darts
 G - a boomerang
Armour
 c - a +0 cloak
 o - a +0 robe
 q - the +1 cloak of the Echidna (worn) {Drain rF+ rCorr}
   (You found it on level 3 of the Dungeon)

   rF:        It protects you from fire.
   rCorr:     It protects you from acid and corrosion.
   Drain:     It drains your maximum health when unequipped.
 v - a +0 ring mail (worn)
Jewellery
 f - a +4 ring of protection (left hand)
 u - a +6 ring of strength (right hand)
Wands
 C - a wand of polymorph (4)
Scrolls
 g - a scroll of immolation {unknown}
 j - 2 scrolls of vulnerability {unknown}
 k - a scroll of enchant armour {unknown}
 m - a scroll of enchant weapon
 s - a scroll of fog {unknown}
 w - a scroll of silence {unknown}
 y - a scroll of teleportation {unknown}
 z - 2 scrolls of fear {unknown}
 A - 2 scrolls of identify {unknown}
 D - a scroll of acquirement {unknown}
Potions
 h - 3 potions of attraction {unknown}
 i - 4 potions of might {unknown}
 l - 2 potions of heal wounds {unknown}
 n - a potion of degeneration {unknown}
 r - a potion of magic {unknown}
 t - a potion of mutation {unknown}
 B - a potion of curing {unknown}


   Skills:
 - Level 3.1 Fighting
 + Level 11.8 Short Blades
 - Level 2.1 Throwing
 - Level 1.2 Dodging
 - Level 10.5 Stealth


You had 8 spell levels left.
You didn't know any spells.
Your spell library contained the following spells:

 Spells                   Type           Power      Damage    Failure   Level
 Sandblast                Erth           0%         2d4       54%         1
 Passwall                 Tmut/Erth      0%         N/A       69%         2
 Gell's Gravitas          Tloc           0%         N/A       89%         3
 Lesser Beckoning         Tloc           0%         N/A       89%         3
 Ozocubu's Armour         Ice            0%         N/A       89%         3
 Spider Form              Tmut/Pois      0%         N/A       89%         3
 Stone Arrow              Conj/Erth      0%         3d7       89%         3
 Teleport Other           Tloc           0%         N/A       89%         3
 Ice Form                 Ice/Tmut       0%         N/A       100%        4
 Simulacrum               Ice/Necr       0%         N/A       100%        6


Dungeon Overview and Level Annotations

Branches:
Dungeon (6/15)              Sewer (visited)
 Temple: D:4-7

Altars:
Okawaru
Ru
Trog
Jiyva

Annotations:
D:2 kallion takana rahaa
D:5 Duvessa


Innate Abilities, Weirdness & Mutations

You are small and have problems with some larger weapons.
You are completely attuned to the shadows.
You have an unnaturally thin skeletal structure. (Dex +6, Stealth+++)
You expend magic power (3 MP) to strengthen your wands.


Message History

You kill the orc priest!
Items here: ) ? [ †.
You see here a +0 mace.
You stop calling forth ooze.
You see here a +0 mace.
z - 2 scrolls labelled REITIOL ELIMA (gained 1)
Things that are here:
a +0 dire flail; a +0 plate armour; an orc corpse
a - a +3 dagger (weapon)
No target in view!
Found an escape hatch in the ceiling.
No target in view!
Dowan, Brother of Duvessa comes into view.
He is wielding a +0 dagger of freezing.
Duvessa, Sister of Dowan comes into view.
She is wielding a +2 short sword of speed and wearing a +2 ring mail of fire resistance.
The helpless Dowan fails to defend himself.
You skewer Dowan like a kebab!!!!
You kill Dowan!
Duvessa screams, "No!
How DARE you!"
Duvessa goes berserk!
Items here: a +0 dagger of freezing; a +0 robe; a bubbling brown potion.
The floor, spattered with blood.
Unknown command.
Unknown command.
Unknown command.
Okay, then.
Unknown command.
b - a +1 vorpal long sword (weapon)
You barely miss Duvessa. Duvessa completely misses you.
Duvessa hits you with a +2 short sword of speed!
You slash Duvessa!
Duvessa hits you with a +2 short sword of speed! x2
* * * LOW HITPOINT WARNING * * *
Duvessa hits you with a +2 short sword of speed!
* * * LOW HITPOINT WARNING * * *
Activating: Oozemancy (8% risk of failure) Slime begins to ooze from the nearby walls!
You can no longer turn your foes to slime.
The walls burn Duvessa!
Duvessa hits you with a +2 short sword of speed!
You die...

## ##.####.#
#.##........# #....##.#
#.##........# #..#.##.#
#.##.)#.....#
#..#)#..####.##).#.....#
#..#)............#######
#..####.#....###.###
.......<.....#
.#.######.#.# #)@....#.#
#e######.# #. #.# .. #.#
... #.## #..+ ####


You could see Duvessa (berserk).

Vanquished Creatures
  A steam dragon (D:6)
  Menkaure (D:5)
  A black bear (D:5)
  An orc warrior (D:5)
  3 ogres
  A centaur (D:5)
  The ghost of ASIMItheHERO the Covered, an amateur GrFi (D:3)
  A scorpion (D:5)
  A bullfrog (D:6)
  2 necrophages (D:5)
  Dowan (D:5)
  3 hounds (D:5)
  4 iguanas
  An orc priest (D:5)
  2 orc wizards (D:5)
  7 gnolls
  8 adders
  3 river rats
  An ufetubus (D:5)
  2 worms
  7 dart slugs
  10 orcs
  8 ball pythons
  6 bats
  An endoplasm (D:2)
  4 goblins
  6 hobgoblins
  2 jackals (D:3)
  3 quokkas
  5 frilled lizards
  8 kobolds
  16 rats
121 creatures vanquished.

Vanquished Creatures (others)
  A jelly (D:5)
  2 adders
  2 river rats (Sewer)
  A worm (D:3)
  A dart slug (D:3)
  4 endoplasms (D:3)
  2 orcs (D:3)
  2 hobgoblins
  2 jackals (D:3)
  4 ball pythons
  2 bats (D:3)
  A frilled lizard (Sewer)
  5 goblins
  3 kobolds
  10 rats
42 creatures vanquished.

Grand Total: 163 creatures vanquished

Notes
Turn   | Place    | Note
-------+----------+-------------------------------------------
     0 | D:1      | Colgate the Kobold Brigand began the quest for the Orb.
     0 | D:1      | Reached XP level 1. HP: 12/12 MP: 1/1
    29 | D:1      | Reached skill level 3 in Short Blades
    41 | D:1      | Reached XP level 2. HP: 17/17 MP: 2/2
   125 | D:1      | Got the Omnibus of Noxious Graupel
   281 | D:1      | Reached skill level 4 in Short Blades
   281 | D:1      | Reached XP level 3. HP: 4/21 MP: 3/3
   834 | D:2      | Reached skill level 5 in Short Blades
   852 | D:2      | Reached XP level 4. HP: 26/26 MP: 4/4
   931 | D:2      | Got the Almanac of the Rocks
   968 | D:2      | Reached skill level 6 in Short Blades
   972 | D:2      | Reached XP level 5. HP: 31/31 MP: 5/5
  1440 | D:3      | Identified the +1 cloak of the Echidna {Drain rF+ rCorr}
  1497 | D:3      | Found a faded altar of an unknown god.
  1502 | D:3      | Prayed at the altar of an unknown god.
  1502 | D:3      | Became a worshipper of Jiyva Jeomp the Shapeless
  1502 | D:3      | Reached * piety under Jiyva
  1826 | D:3      | Found a runed translucent door.
  1889 | D:3      | Reached ** piety under Jiyva
  1915 | D:3      | Found a sacrificial altar of Ru.
  2755 | D:3      | Found a bloodstained altar of Trog.
  2843 | D:3      | Noticed ASIMItheHERO's ghost (amateur GrFi)
  2884 | D:3      | Killed ASIMItheHERO's ghost
  2885 | D:3      | Reached XP level 6. HP: 14/37 MP: 6/6
  3003 | D:4      | Noticed an ogre
  3006 | D:4      | Killed an ogre
  3070 | D:4      | Reached skill level 7 in Short Blades
  3114 | D:4      | Found a glowing drain.
  3118 | Sewer    | Entered a sewer
  3118 | Sewer    | Reached *** piety under Jiyva
  3153 | Sewer    | Reached XP level 7. HP: 41/41 MP: 7/7
  3869 | D:4      | Gained mutation: You expend magic power (3 MP) to
                  | strengthen your wands. [Jiyva's grace]
  3869 | D:4      | Gained mutation: You have a somewhat thin skeletal
                  | structure. (Dex +2, Stealth+) [Jiyva's grace]
  3869 | D:4      | Gained mutation: You have a moderately thin skeletal
                  | structure. (Dex +4, Stealth++) [Jiyva's grace]
  3869 | D:4      | Gained mutation: You have an unnaturally thin skeletal
                  | structure. (Dex +6, Stealth+++) [Jiyva's grace]
  4068 | D:4      | Reached **** piety under Jiyva
  4471 | D:5      | Entered Level 5 of the Dungeon
  4478 | D:5      | Reached skill level 8 in Short Blades
  4550 | D:5      | Reached XP level 8. HP: 46/46 MP: 8/8
  4553 | D:5      | Reached skill level 9 in Short Blades
  4580 | D:5      | Noticed Menkaure
  4585 | D:5      | Killed Menkaure
  4586 | D:5      | Reached skill level 10 in Short Blades
  4698 | D:5      | You fall into a shaft and drop 1 floor!
  4735 | D:6      | Reached skill level 10 in Stealth
  4949 | D:5      | Reached XP level 9. HP: 39/50 MP: 9/9
  4998 | D:5      | Reached skill level 11 in Short Blades
  5203 | D:5      | Found an iron altar of Okawaru.
  5440 | D:5      | Noticed Dowan
  5443 | D:5      | Noticed Duvessa
  5444 | D:5      | Killed Dowan
  5448 | D:5      | Mangled by Duvessa

Illustrated notes

Levels and vault maps discovered:
D:1:      wheals_arrival_shading, layout_rooms, minmay_pentomino_q4
D:2:      layout_basic, minmay_surrounded
D:3:      minmay_diamond_boxcup, layout_basic, mainiacjoe_overflow_two_lobes,
          chequers_ecumenical_altar_grove, ebering_ghost_sewer_d,
          minmay_randomly_rotated_circles
D:4:      layout_basic, gup_sewer_entry_spiral, supply_closet_lemuel,
          minmay_quantized
D:5:      layout_basic, mainiacjoe_overflow_alcove_1, minmay_increasing_density,
          uniq_duvessa, uniq_menkaure, uniq_eustachio
D:6:      layout_loops_ring, tgw_xom, nicolae_uskayaw_suspiria,
          minmay_temple_entry_butterflies, nzn_random_ring, uniq_edmund

Skill      XL: |  1  2  3  4  5  6  7  8  9 |
---------------+----------------------------+-----
Short Blades   | 3 4 5 6 7 8 10 11 | 11.8
Fighting       | 3 |  3.1
Stealth        | 7 8 10 | 10.5
Throwing       | |  2.1
Dodging        | |  1.2

Action                   |  1- 3 |  4- 6 |  7- 9 || total
-------------------------+-------+-------+-------++-------
Melee: Dagger            |    48 |    64 |    44 ||   156
       Long sword        |       |    48 |    59 ||   107
Invok: Oozemancy         |       |       |     2 ||     2
  Use: Scroll            |       |     1 |       ||     1
 Stab: Sleeping          |    13 |    23 |    28 ||    64
Armor: Robe              |    10 |    28 |     2 ||    40
       Ring mail         |       |       |    25 ||    25
Dodge: Dodged            |    21 |    60 |    78 ||   159

Table legend: (Time is in decaauts)
 A = Elapsed time spent in this place.
 B = Non-inter-level travel time spent in this place.
 C = Inter-level travel time spent in this place.
 D = Time resting spent in this place.
 E = Time spent auto-exploring this place.
 F = Levels seen in this place.
 G = Mean time per level.
                   A        B        C        D        E       F      G
               +--------+--------+--------+--------+--------+-----+--------+
         Total |   5499 |   5255 |    244 |      0 |   4355 |   7 |  785.6 |
       Dungeon |   5120 |   4876 |    244 |      0 |   4069 |   6 |  853.3 |
         Sewer |    379 |    379 |      0 |      0 |    286 |   1 |  379.0 |
               +--------+--------+--------+--------+--------+-----+--------+

Top non-repeatable levels by time:
     D:3: 1629 daAuts
     D:4: 1146 daAuts
     D:5: 771 daAuts
     D:1: 706 daAuts
     D:2: 675 daAuts
   Sewer: 379 daAuts
     D:6: 190 daAuts
